 Dungeon Crawl Stone Soup version 0.14.0-15-g6b16f67 (webtiles) character file.

28247 Heini the Bludgeoner (level 13, -3/118 (122) HPs)
             Began as a Minotaur Berserker on Apr 17, 2014.
             Was a High Priest of Trog.
             Slain by a minotaur (20 damage)
             ... in a labyrinth.
             The game lasted 01:37:58 (15198 turns).

Heini the Bludgeoner (Minotaur Berserker)          Turns: 15198, Time: 01:37:59

HP  -3/118 (122) AC 16     Str 26      XL: 13   Next:  4%
MP  10/10        EV 10     Int  4      God: Trog [*****.]
Gold 842         SH  0     Dex 11      Spells:  0 memorised, 12 levels left

rFire  + . .     SeeInvis .     P - +2 flail (freeze)
rCold  . . .     Clarity  .     I - +0 scale mail {rPois}
rNeg   . . .     Conserve .     (no shield)
rPois  +         rCorr    .     m - +2 hat
rElec  .         rRot     .     s - +0 cloak
SustAb . .       Spirit   .     B - +2 pair of gloves
rMut   .         Warding  .     (no boots)
Saprov . . .     Stasis   .     (no amulet)
MR     .....                    C - ring of protection from fire
                                q - +4,+4 ring of slaying

@: not resistant to hostile enchantments, extremely unstealthy
A: retaliatory headbutt, horns 2
a: Burn Spellbooks, Berserk, Trog's Hand, Brothers in Arms, Renounce Religion


You were in a labyrinth.
You worshipped Trog.
Trog was extremely pleased with you.
You were not hungry.

You visited 2 branches of the dungeon, and saw 13 of its levels.
You also visited: Labyrinth, Sewer and Ossuary.

You collected 842 gold pieces.

Inventory:

Hand weapons
 a - a +5,+6 mace of holy wrath
 P - a +2,+2 flail of freezing (weapon)
 T - a +3,+1 anti-magic dire flail
Armour
 m - a +2 hat (worn)
 s - a +0 cloak (worn)
 B - a +2 pair of gloves (worn)
 I - a +0 scale mail of poison resistance (worn)
 M - a +0 plate armour
Magical devices
 i - a wand of cold (5)
 p - a wand of frost (7)
 A - a wand of magic darts (6) {unknown}
 K - a wand of fire (9) {unknown}
 Z - a wand of lightning (5)
Comestibles
 c - 4 bread rations
 h - 5 chokos
 w - 4 meat rations
 W - 6 strawberries
 Y - a pear
Scrolls
 b - a scroll of identify
 d - a scroll of enchant weapon II
 e - 6 scrolls of remove curse
 j - 2 scrolls of amnesia {unknown}
 l - 4 scrolls of enchant weapon I
 n - 5 scrolls of recharging
 t - 8 scrolls of teleportation
 u - a scroll of magic mapping
 v - 2 scrolls of fear
 x - 4 scrolls of blinking
 X - a scroll of vulnerability
Jewellery
 o - a +5 ring of evasion
 q - a +4,+4 ring of slaying (left hand)
 z - an uncursed ring of sustain abilities {unknown}
 C - a ring of protection from fire (right hand)
 H - a cursed ring of teleportation
 O - an uncursed amulet of guardian spirit {unknown}
 Q - an uncursed amulet of stasis
 R - a +3 ring of protection {unknown}
Potions
 f - 13 potions of curing
 g - 4 potions of restore abilities
 k - a potion of berserk rage
 r - 3 potions of heal wounds
 D - 3 potions of magic
 F - a potion of invisibility
 G - a potion of resistance
 J - a potion of cure mutation {unknown}
 L - a potion of haste
 N - a potion of might
Miscellaneous
 y - a stone of tremors
 E - a plain deck of defence


   Skills:
 * Level 13.1 Fighting
 * Level 17.2 Maces & Flails
 * Level 12.9 Armour
 - Level 6.0 Dodging
 + Level 2.3 Evocations


You had 12 spell levels left.
You didn't know any spells.

Dungeon Overview and Level Annotations

Branches:
Dungeon (9/15)             Temple (0/1) D:4            Lair (4/8) D:9
    Orc: D:9-12       Swamp: Lair:3-6    Shoals: Lair:3-6     Snake: Lair:3-6
 Spider: Lair:3-6

Altars:
Ashenzari
Dithmenos
Fedhas
Kikubaaqudgha
Okawaru
Sif Muna
Trog
Vehumet
Zin

Shops:
D:8 [

Annotations:
D:5 exclusion: oklob plant


Innate Abilities, Weirdness & Mutations

You reflexively headbutt those who attack you in melee.
You have a pair of horns on your head.


Message History

You headbutt the minotaur. The minotaur gores you!
Eat which item? (? for menu, Esc to quit)
The minotaur hits you! The minotaur gores you.
You continue eating.
The minotaur hits you!
The minotaur gores you but does no damage.
You continue eating.
The minotaur hits you!
* * * LOW HITPOINT WARNING * * *
The minotaur gores you!
* * * LOW HITPOINT WARNING * * *
You continue eating.
The minotaur hits you!
* * * LOW HITPOINT WARNING * * *
The minotaur gores you.
* * * LOW HITPOINT WARNING * * *
You finish eating.
That bread ration really hit the spot!
Drink which item? (? for menu, Esc to quit)
You feel much better. The minotaur hits you!
You die...

. # ..#.# # # . #
. ## ... # ... .
. # # # . # ## .
.... .# # .....
#.#.# # # .#.# ..
.... .# .. #.####
. . .# ### ##
#####.#..# #...#
#.H@.....#. ###.#
#.#.###.###.## #.
.<.#.# #.......#
### #
#######.#.#.###.#
#. .#
#.#.......#... #
### # #.#.
####.#.### # #.#.
#.....# ..#.# #.
#.#####.# # .
##.# ..
..........# ..


You could see a minotaur.

Vanquished Creatures
  Rupert (Lair:3)
  Gastronok (Lair:1)
  Fannar (Lair:4)
  A hydra (Lair:2)
  The ghost of Nowbl the Thaumaturge, an experienced DEWz of Sif Muna (D:9)
  Pikel (D:5)
  A hill giant (D:9)
  A griffon (Lair:2)
  5 black mambas
  7 spiny frogs
  The ghost of Kejsarherre the Grappler, an experienced VSMo of Makhleb (D:8)
  The ghost of Kejsarherre the Grappler, an experienced VSMo of Makhleb (D:7)
  An item mimic (D:9)
  4 komodo dragons
  9 blink frogs (Lair:1)
  A fire drake (D:9)
  A minotaur skeleton (Lab)
  3 sharks
  10 yaks
  A spriggan (Lair:3)
  3 trapdoor spiders (Lab)
  A wyvern (D:9)
  2 hippogriffs
  An elephant slug (Lair:3)
  8 hungry ghosts (Lab)
  5 wolves (Lair:3)
  9 necrophages (D:8)
  Edmund (D:5)
  7 porcupines
  7 water moccasins
  2 orc warriors
  Purgy (Sewer)
  3 giant goldfish (D:9)
  2 sky beasts
  A centaur (D:7)
  4 ogres
  A slave (D:5)
  2 big kobolds
  2 crocodiles
  An earth elemental (Lab)
  A giant slug (Lair:1)
  10 giant frogs
  A gnoll sergeant (D:8)
  4 water moccasin zombies
  5 wights (D:8)
  8 killer bees
  A goliath beetle (Lair:2)
  3 electric eels (D:9)
  4 orc priests
  A centaur zombie (D:8)
  A giant frog zombie (D:9)
  2 crimson imps
  7 hounds
  A black bear zombie (D:8)
  5 jellies
  Crazy Yiuf (D:2)
  6 big fish
  6 orc wizards
  Natasha (D:3)
  7 iguanas
  6 worker ants
  Ijyb (D:5)
  Jessica (D:3)
  A hound zombie (D:5)
  Terence (D:3)
  A hound skeleton (D:7)
  3 mummies
  8 adders
  10 gnolls
  23 green rats
  5 shadow imps
  2 giant mites
  6 worms
  An electric eel skeleton (D:9)
  An iguana zombie (D:8)
  An orc skeleton (D:8)
  11 orc zombies
  An adder skeleton (D:9)
  4 adder zombies
  10 wandering mushrooms (Lab)
  A giant eyeball (D:8)
  6 giant geckos
  An ooze (D:4)
  19 orcs
  17 bats
  3 gnoll zombies (Ossuary)
  10 hobgoblins
  8 jackals
  24 kobolds
  5 quokkas
  5 ball pythons
  3 giant cockroaches
  10 giant newts
  9 goblins
  7 hobgoblin zombies
  8 kobold zombies (Ossuary)
  21 rats
  A rat skeleton (D:4)
  2 ballistomycetes (D:6)
  4 fungi
  A plant (D:5)
452 creatures vanquished.

Vanquished Creatures (others)
  A slave (D:5)
  A porcupine (Lair:2)
  An iguana (D:6)
  An adder (D:5)
  A hobgoblin (D:5)
  A giant spore (D:6)
  2 quokkas
  3 plants (D:9)
11 creatures vanquished.

Grand Total: 463 creatures vanquished

Notes
Turn   | Place    | Note
--------------------------------------------------------------
     0 | D:1      | Heini, the Minotaur Berserker, began the quest for the Orb.
     0 | D:1      | Reached XP level 1. HP: 19/19 MP: 1/1
   118 | D:1      | Reached skill level 4 in Fighting
   120 | D:1      | Reached XP level 2. HP: 17/27 MP: 1/1
   283 | D:1      | Acquired Trog's second power
   544 | D:1      | Reached XP level 3. HP: 26/34 MP: 2/2
   701 | D:2      | Found a shattered altar of Ashenzari.
  1126 | D:2      | Noticed Crazy Yiuf
  1134 | D:2      | Killed Crazy Yiuf
  1134 | D:2      | Reached XP level 4. HP: 39/41 MP: 2/2
  1560 | D:2      | Reached skill level 5 in Fighting
  1664 | D:3      | Noticed Jessica
  1670 | D:3      | Killed Jessica
  1775 | D:3      | Reached XP level 5. HP: 44/48 MP: 2/2
  1817 | D:3      | Noticed Terence
  1828 | D:3      | Killed Terence
  1872 | D:3      | Noticed Natasha
  1876 | D:3      | Killed Natasha
  1937 | D:3      | Reached skill level 5 in Maces & Flails
  2039 | D:3      | Found a glowing drain.
  2060 | Sewer    | Entered a sewer
  2201 | Sewer    | Reached XP level 6. HP: 52/56 MP: 3/3
  2209 | Sewer    | Noticed Purgy
  2227 | Sewer    | Killed Purgy
  2506 | D:3      | Found a bloodstained altar of Trog.
  3111 | D:4      | Found a radiant altar of Vehumet.
  3184 | D:4      | Found a staircase to the Ecumenical Temple.
  3343 | D:5      | Entered Level 5 of the Dungeon
  3363 | D:5      | Noticed Pikel
  3387 | D:5      | Killed Pikel
  3387 | D:5      | Reached skill level 6 in Fighting
  3387 | D:5      | Reached skill level 5 in Dodging
  3387 | D:5      | Reached XP level 7. HP: 32/63 MP: 3/3
  3617 | D:5      | Noticed Ijyb
  3640 | D:5      | Killed Ijyb
  3715 | D:5      | Acquired Trog's third power
  3715 | D:5      | Reached XP level 8. HP: 70/70 MP: 3/3
  3925 | D:5      | Reached skill level 7 in Armour
  4169 | D:5      | Found a blossoming altar of Fedhas.
  4170 | D:5      | Noticed Edmund
  4187 | D:5      | Killed Edmund
  4301 | D:5      | Found a deep blue altar of Sif Muna.
  4307 | D:5      | Reached skill level 8 in Armour
  4657 | D:5      | Noticed an oklob plant
  4717 | D:6      | Found a sand-covered staircase.
  4720 | Ossuary  | Entered an ossuary
  5047 | D:6      | Reached XP level 9. HP: 74/79 MP: 4/4
  5265 | D:6      | Reached skill level 9 in Maces & Flails
  5660 | D:7      | Reached skill level 10 in Maces & Flails
  5756 | D:7      | Noticed Kejsarherre's ghost (experienced VSMo)
  5765 | D:7      | Killed Kejsarherre's ghost
  6123 | D:7      | Reached XP level 10. HP: 83/91 MP: 5/5
  6200 | D:8      | Found Laxkusar's Armour Boutique.
  6222 | D:8      | Reached skill level 11 in Maces & Flails
  6279 | D:8      | Noticed Kejsarherre's ghost (experienced VSMo)
  6292 | D:8      | Killed Kejsarherre's ghost
  6292 | D:8      | Reached skill level 1 in Evocations
  6333 | D:8      | Received a gift from Trog
  6343 | D:8      | Reached skill level 10 in Armour
  6495 | D:8      | Reached skill level 12 in Maces & Flails
  6614 | D:8      | Paralysed by a giant eyeball for 2 turns
  6822 | D:9      | HP: 3/87 [electric eel/bolt of electricity (8)]
  6823 | D:9      | HP: 1/87 [electric eel/bolt of electricity (3)]
  7223 | D:9      | HP: 1/88 [electric eel/bolt of electricity (10)]
  7616 | D:9      | Found a staircase to the Lair.
  7758 | D:9      | Reached skill level 10 in Fighting
  7894 | D:9      | Found an ancient bone altar of Kikubaaqudgha.
  7911 | D:9      | Reached skill level 13 in Maces & Flails
  7982 | D:9      | Reached XP level 11. HP: 44/95 MP: 6/6
  8188 | D:9      | Noticed Nowbl's ghost (experienced DEWz)
  8223 | D:9      | Killed Nowbl's ghost
  8247 | D:9      | Noticed a hill giant
  8258 | D:9      | Killed a hill giant
  8365 | D:9      | Found a shadowy altar of Dithmenos.
  8369 | D:9      | Found a glowing silver altar of Zin.
  8372 | D:9      | Found an iron altar of Okawaru.
  8524 | Lair:1   | Entered Level 1 of the Lair of Beasts
  8525 | Lair:1   | Noticed Gastronok
  8766 | Lair:1   | Killed Gastronok
  8766 | Lair:1   | Reached skill level 14 in Maces & Flails
  8951 | Lair:1   | Received a gift from Trog
  9059 | Lair:1   | Upgraded the game from 0.14.0-12-g87ee3b7 to 0.14.0-15-g6b16f67
  9067 | Lair:1   | Reached skill level 15 in Maces & Flails
 10373 | Lair:2   | Reached XP level 12. HP: 105/107 MP: 9/9
 10475 | Lair:2   | Noticed a six-headed hydra
 10484 | Lair:2   | Killed a six-headed hydra
 11173 | Lair:3   | Reached skill level 16 in Maces & Flails
 11308 | Lair:3   | Received a gift from Trog
 12089 | Lair:3   | Noticed Rupert
 12090 | Lair:3   | Paralysed by Rupert for 4 turns
 12099 | Lair:3   | Killed Rupert
 12403 | Lair:4   | Noticed Fannar
 12415 | Lair:4   | Killed Fannar
 12608 | Lair:4   | Found a bloodstained altar of Trog.
 12637 | Lair:4   | Found a labyrinth entrance.
 12651 | Lab      | Entered a labyrinth
 13712 | Lab      | Reached skill level 17 in Maces & Flails
 13762 | Lab      | Found an exit through the horrors of the Abyss.
 13901 | Lab      | Found an exit through the horrors of the Abyss.
 14119 | Lab      | Found an exit through the horrors of the Abyss.
 14167 | Lab      | Reached XP level 13. HP: 99/118 MP: 10/10
 14542 | Lab      | Found an exit through the horrors of the Abyss.
 15190 | Lab      | Noticed a minotaur
 15197 | Lab      | HP: 5/118 [minotaur (11)]
 15198 | Lab      | Slain by a minotaur

Action                   |  1- 3 |  4- 6 |  7- 9 | 10-12 | 13-15 || total
-------------------------+-------+-------+-------+-------+-------++-------
Melee: Mace              |    65 |   159 |    86 |       |       ||   310
       Flail             |       |       |   226 |   743 |    13 ||   982
Invok: Berserk           |     1 |     1 |     1 |     5 |       ||     8
       Burn Spellbooks   |       |       |     1 |     4 |       ||     5
Evoke: Wand              |       |       |     9 |     7 |       ||    16
  Use: Scroll            |       |    10 |     6 |    12 |       ||    28
       Potion            |       |       |       |     4 |     1 ||     5
 Stab: Distracted        |       |       |       |     1 |       ||     1
